| TOP OF THE 1ST |
|
Colorado (EL) Rockies batting - Pitching for Springfield Cardinals : RHP Danny Romero
|
|
Pitching: RHP Danny Romero
|
|
|
Batting: LHB Tony Ponce
|
0-0: Ball 1-0: Ball 2-0: Called Strike 2-1: Ball 3-1: Called Strike 3-2: TRIPLE (Line Drive, 89XD, EV 105.0 MPH)
|
|
Batting: LHB Elijah Black
|
0-0: Ground out 4-3 (Groundball, 4, EV 101.9 MPH) Tony Ponce scores
|
|
Batting: LHB Eric Ludwig
|
0-0: Called Strike 0-1: Ball 1-1: Ball 2-1: Foul Ball, location: 2F 2-2: Foul Ball, location: 2F 2-2: Ground out 6-3 (Groundball, 6, EV 91.9 MPH)
|
|
Batting: SHB Chris Besselman
|
0-0: Ball 1-0: Swinging Strike 1-1: Foul Ball, location: 2F 1-2: Foul Ball, location: 2F 1-2: Ball 2-2: Foul Ball, location: 2F 2-2: SINGLE (Groundball, 4MD, EV 96.9 MPH)
|
|
Batting: RHB Matt Wheaton
|
0-0: Ball 1-0: Swinging Strike 1-1: Ball 2-1: Swinging Strike 2-2: Strikes out swinging
|
| Top of the 1st over - 1 run, 2 hits, 0 errors, 1 left on base; Colorado (EL) 1 - Springfield 0 |
| BOTTOM OF THE 1ST |
|
Springfield Cardinals batting - Pitching for Colorado (EL) Rockies : LHP Tris Ross
|
|
Pitching: LHP Tris Ross
|
|
|
Batting: RHB John Parra
|
0-0: Ball 1-0: Foul Ball, location: 2F 1-1: Swinging Strike 1-2: Foul Ball, location: 2F 1-2: Foul Ball, location: 2F 1-2: Strikes out swinging
|
|
Batting: RHB Dave Cluster
|
0-0: Called Strike 0-1: Swinging Strike 0-2: Foul Ball, location: 2F 0-2: Strikes out swinging
|
|
Batting: LHB Tim Olsen
|
0-0: Ball 1-0: Called Strike 1-1: Foul Ball, location: 2F 1-2: Ball 2-2: Ball 3-2: Foul Ball, location: 2F 3-2: Base on Balls
|
|
Batting: RHB David Fernandez
|
0-0: Ball 1-0: Called Strike 1-1: Ball 2-1: Called Strike 2-2: Foul Ball, location: 2F 2-2: Strikes out swinging
|
| Bottom of the 1st over - 0 runs, 0 hits, 0 errors, 1 left on base; Colorado (EL) 1 - Springfield 0 |
| TOP OF THE 2ND |
|
Colorado (EL) Rockies batting - Pitching for Springfield Cardinals : RHP Danny Romero
|
|
Batting: RHB R.J. Anchondo
|
0-0: Swinging Strike 0-1: Swinging Strike 0-2: Strikes out swinging
|
|
Batting: RHB Max Schellekens
|
0-0: Called Strike 0-1: SINGLE (Groundball, 34D, EV 104.4 MPH)
|
|
Batting: RHB Guillermo Veronese
|
0-0: Ball 1-0: Ball 2-0: Ball 3-0: Base on Balls Max Schellekens to second
|
|
Batting: RHB Matt Fabre
|
0-0: Ball 1-0: Ball Wild Pitch! Max Schellekens to third Guillermo Veronese to second 2-0: Ball 3-0: Base on Balls
|
|
Batting: LHB Tony Ponce
|
0-0: Called Strike 0-1: SINGLE (Groundball, 34S, EV 73.1 MPH) (infield hit) Max Schellekens scores Guillermo Veronese to third Matt Fabre to second
|
|
Batting: LHB Elijah Black
|
0-0: Fly out, F8 (Flyball, 8RS, EV 85.0 MPH)
|
|
Batting: LHB Eric Ludwig
|
0-0: Swinging Strike 0-1: Called Strike 0-2: Ball 1-2: Ball 2-2: Foul Ball, location: 2F 2-2: Fly out, F4 (Line Drive, 4, EV 69.4 MPH)
|
| Top of the 2nd over - 1 run, 2 hits, 0 errors, 3 left on base; Colorado (EL) 2 - Springfield 0 |
| BOTTOM OF THE 2ND |
|
Springfield Cardinals batting - Pitching for Colorado (EL) Rockies : LHP Tris Ross
|
|
Batting: RHB Jason Keller
|
0-0: Ball 1-0: Ball 2-0: Ball 3-0: Called Strike 3-1: Foul Ball, location: 2F 3-2: Strikes out swinging
|
|
Batting: RHB Josh Lyon
|
0-0: Ball 1-0: Ground out 4-3 (Groundball, 4, EV 91.2 MPH)
|
|
Batting: LHB Yeong-hun Joe
|
0-0: SINGLE (Groundball, 4MD, EV 95.0 MPH)
|
|
Batting: RHB Klaas Meij
|
0-0: Ball Yeong-hun Joe is caught stealing 2nd base 2-4
|
| Bottom of the 2nd over - 0 runs, 1 hit, 0 errors, 0 left on base; Colorado (EL) 2 - Springfield 0 |
| TOP OF THE 3RD |
|
Colorado (EL) Rockies batting - Pitching for Springfield Cardinals : RHP Danny Romero
|
|
Batting: SHB Chris Besselman
|
0-0: Ball 1-0: SINGLE (Flyball, 9LS, EV 86.2 MPH)
|
|
Batting: RHB Matt Wheaton
|
0-0: Swinging Strike 0-1: Swinging Strike 0-2: Strikes out swinging
|
|
Batting: RHB R.J. Anchondo
|
0-0: Ball 1-0: Ball 2-0: Ball 3-0: Called Strike 3-1: Foul Ball, location: 2F 3-2: Strikes out swinging
|
|
Batting: RHB Max Schellekens
|
0-0: Called Strike 0-1: Called Strike 0-2: Ball 1-2: Ball 2-2: Fly out, F9 (Flyball, 9D, EV 105.0 MPH)
|
| Top of the 3rd over - 0 runs, 1 hit, 0 errors, 1 left on base; Colorado (EL) 2 - Springfield 0 |
| BOTTOM OF THE 3RD |
|
Springfield Cardinals batting - Pitching for Colorado (EL) Rockies : LHP Tris Ross
|
|
Batting: RHB Klaas Meij
|
0-0: Ball 1-0: Ball 2-0: Called Strike 2-1: Foul Ball, location: 2F 2-2: Strikes out looking
|
|
Batting: LHB Chris Raymond
|
0-0: Ball 1-0: Ground out U3 (Groundball, 3, EV 101.9 MPH)
|
|
Batting: RHB John Parra
|
0-0: Ball 1-0: Foul Ball, location: 2F 1-1: Ball 2-1: Ball 3-1: Called Strike 3-2: Base on Balls
|
|
Batting: RHB Dave Cluster
|
0-0: Ball 1-0: Called Strike John Parra steals 2nd base 1-1: Ball 2-1: Swinging Strike 2-2: Strikes out swinging
|
| Bottom of the 3rd over - 0 runs, 0 hits, 0 errors, 1 left on base; Colorado (EL) 2 - Springfield 0 |
| TOP OF THE 4TH |
|
Colorado (EL) Rockies batting - Pitching for Springfield Cardinals : RHP Danny Romero
|
|
Batting: RHB Guillermo Veronese
|
0-0: Called Strike 0-1: Ball 1-1: Foul Ball, location: 2F 1-2: Ground out 5-3 (Groundball, 56, EV 80.6 MPH)
|
|
Batting: RHB Matt Fabre
|
0-0: Ball 1-0: Foul Ball, location: 2F 1-1: Fly out, F7 (Line Drive, 7, EV 100.0 MPH)
|
|
Batting: LHB Tony Ponce
|
0-0: Ball 1-0: Called Strike 1-1: Ball 2-1: Ball 3-1: Base on Balls
|
|
Batting: LHB Elijah Black
|
0-0: Reached on error, E4 (Line Drive, 4, EV 71.2 MPH) Tony Ponce to second
|
|
Batting: LHB Eric Ludwig
|
0-0: Ball 1-0: Ball 2-0: SINGLE (Line Drive, 8LS, EV 110.0 MPH) Tony Ponce to third Elijah Black to second
|
|
Batting: SHB Chris Besselman
|
0-0: Foul Ball, location: 2F 0-1: Foul Ball, location: 2F 0-2: Fly out, F8 (Line Drive, 8RM, EV 91.9 MPH)
|
| Top of the 4th over - 0 runs, 1 hit, 1 error, 3 left on base; Colorado (EL) 2 - Springfield 0 |
| BOTTOM OF THE 4TH |
|
Springfield Cardinals batting - Pitching for Colorado (EL) Rockies : LHP Tris Ross
|
|
Batting: LHB Tim Olsen
|
0-0: Ball 1-0: Foul Ball, location: 2F 1-1: Ball 2-1: Called Strike 2-2: Ball 3-2: Foul Ball, location: 2F 3-2: Foul Ball, location: 2F 3-2: Foul Ball, location: 2F 3-2: Foul Ball, location: 2F 3-2: Base on Balls
|
|
Batting: RHB David Fernandez
|
0-0: Ball 1-0: Ball 2-0: Ball 3-0: Base on Balls Tim Olsen to second
|
|
Batting: RHB Jason Keller
|
0-0: Ground out 5-3 (Groundball, 56S, EV 70.0 MPH) Tim Olsen to third David Fernandez to second
|
|
Batting: RHB Josh Lyon
|
0-0: Ball 1-0: Ball 2-0: Swinging Strike 2-1: Foul Ball, location: 2F 2-2: Foul Ball, location: 2F 2-2: SINGLE (Line Drive, 8LM, EV 105.6 MPH) Tim Olsen scores David Fernandez to third
|
|
Batting: LHB Yeong-hun Joe
|
0-0: Fly out, F7 (Flyball, 78S, EV 85.0 MPH)
|
|
Batting: RHB Klaas Meij
|
0-0: Called Strike 0-1: Ball 1-1: Ball 2-1: Hit by Pitch Josh Lyon to second
|
|
Batting: LHB Chris Raymond
|
0-0: Called Strike 0-1: Called Strike 0-2: Ball 1-2: Strikes out swinging
|
| Bottom of the 4th over - 1 run, 1 hit, 0 errors, 3 left on base; Colorado (EL) 2 - Springfield 1 |
| TOP OF THE 5TH |
|
Colorado (EL) Rockies batting - Pitching for Springfield Cardinals : RHP Danny Romero
|
|
Batting: RHB Matt Wheaton
|
0-0: Called Strike 0-1: Foul Ball, location: 2F 0-2: Foul Ball, location: 2F 0-2: Foul Ball, location: 2F 0-2: Ball 1-2: Ball 2-2: Ground out 6-3 (Groundball, 6S, EV 87.5 MPH)
|
|
Batting: RHB R.J. Anchondo
|
0-0: Ball 1-0: Ball 2-0: Ball 3-0: Called Strike 3-1: Foul Ball, location: 2F 3-2: Base on Balls
|
|
Pitching: RHP Chad Norris
|
|
|
Batting: RHB Max Schellekens
|
0-0: Fly out, F8 (Flyball, 8LM, EV 83.1 MPH)
|
|
Batting: RHB Guillermo Veronese
|
0-0: Called Strike 0-1: Ball 1-1: Ball 2-1: Foul Ball, location: 2F 2-2: Strikes out swinging
|
| Top of the 5th over - 0 runs, 0 hits, 0 errors, 1 left on base; Colorado (EL) 2 - Springfield 1 |
| BOTTOM OF THE 5TH |
|
Springfield Cardinals batting - Pitching for Colorado (EL) Rockies : LHP Tris Ross
|
|
Batting: RHB John Parra
|
0-0: Ball 1-0: Called Strike 1-1: Ball 2-1: Ball 3-1: Ground out 5-3 (Groundball, 5, EV 94.4 MPH)
|
|
Batting: RHB Dave Cluster
|
0-0: Called Strike 0-1: Swinging Strike 0-2: Strikes out swinging
|
|
Batting: LHB Tim Olsen
|
0-0: SOLO HOME RUN (Flyball, 89XD, EV 97.5 MPH), Distance : 402 ft
|
|
Batting: RHB David Fernandez
|
0-0: Ball 1-0: Foul Ball, location: 2F 1-1: Ground out 6-3 (Groundball, 6S, EV 91.2 MPH)
|
| Bottom of the 5th over - 1 run, 1 hit, 0 errors, 0 left on base; Colorado (EL) 2 - Springfield 2 |
| TOP OF THE 6TH |
|
Colorado (EL) Rockies batting - Pitching for Springfield Cardinals : RHP Chad Norris
|
|
Batting: RHB Matt Fabre
|
0-0: Ball 1-0: Ball 2-0: Ball 3-0: Called Strike 3-1: SINGLE (Line Drive, 4MD, EV 98.8 MPH)
|
|
Batting: LHB Tony Ponce
|
0-0: Ball Matt Fabre steals 2nd base 1-0: Intentional Walk
|
|
Batting: LHB Elijah Black
|
0-0: Called Strike 0-1: Swinging Strike 0-2: SINGLE (Groundball, 6S, EV 65.0 MPH) (infield hit) Matt Fabre to third Tony Ponce to second
|
|
Batting: LHB Eric Ludwig
|
0-0: Ball 1-0: Grounds into double play, 4-2-3 (Groundball, 4, EV 90.6 MPH) Tony Ponce to third Elijah Black to second
|
|
Batting: SHB Chris Besselman
|
0-0: Intentional Walk
|
|
Batting: RHB Matt Wheaton
|
0-0: Called Strike 0-1: Ball 1-1: Reached on error, E2 (Groundball, 15S, EV 70.0 MPH) Tony Ponce scores Elijah Black to third Chris Besselman to second
|
|
Batting: RHB R.J. Anchondo
|
0-0: Ball 1-0: SINGLE (Line Drive, 6D, EV 108.1 MPH) Elijah Black scores Chris Besselman to third Matt Wheaton to second Runner from 3rd tries for Home, throw by LF and OUT! 7-2
|
| Top of the 6th over - 2 runs, 3 hits, 1 error, 2 left on base; Colorado (EL) 4 - Springfield 2 |
| BOTTOM OF THE 6TH |
|
Springfield Cardinals batting - Pitching for Colorado (EL) Rockies : LHP Tris Ross
|
|
Pitching: RHP Stephen Bailey
|
|
|
Pinch Hitting: LHB Jesus Ramirez
|
0-0: Foul Ball, location: 2F 0-1: Foul Ball, location: 2F 0-2: Ball 1-2: Strikes out swinging
|
|
Batting: RHB Josh Lyon
|
0-0: Called Strike 0-1: Ball 1-1: Fly out, F9 (Flyball, 9LS, EV 91.9 MPH)
|
|
Batting: LHB Yeong-hun Joe
|
0-0: Reached on error, E4 (Groundball, 4, EV 105.0 MPH)
|
|
Batting: RHB Klaas Meij
|
0-0: Ball Yeong-hun Joe is caught stealing 2nd base 2-4
|
| Bottom of the 6th over - 0 runs, 0 hits, 1 error, 0 left on base; Colorado (EL) 4 - Springfield 2 |
| TOP OF THE 7TH |
|
Colorado (EL) Rockies batting - Pitching for Springfield Cardinals : RHP Chad Norris
|
|
Now in LF: Josh Conner
|
|
|
Now in RF: Tim Olsen
|
|
|
Batting: RHB Max Schellekens
|
0-0: Ball 1-0: Foul Ball, location: 2F 1-1: Ground out 1-3 (Groundball, 13, EV 62.5 MPH)
|
|
Batting: RHB Guillermo Veronese
|
0-0: Called Strike 0-1: Ball 1-1: Ball 2-1: Ground out 5-3 (Groundball, 56, EV 76.2 MPH)
|
|
Batting: RHB Matt Fabre
|
0-0: Foul Ball, location: 2F 0-1: Swinging Strike 0-2: Ball 1-2: Ball 2-2: Ball 3-2: SINGLE (Groundball, 4MD, EV 99.4 MPH)
|
|
Batting: LHB Tony Ponce
|
0-0: Ball 1-0: Called Strike Matt Fabre steals 2nd base 1-1: Intentional Walk
|
|
Batting: LHB Elijah Black
|
0-0: Fly out, F9 (Line Drive, 9D, EV 85.0 MPH)
|
| Top of the 7th over - 0 runs, 1 hit, 0 errors, 2 left on base; Colorado (EL) 4 - Springfield 2 |
| BOTTOM OF THE 7TH |
|
Springfield Cardinals batting - Pitching for Colorado (EL) Rockies : RHP Stephen Bailey
|
|
Batting: RHB Klaas Meij
|
0-0: Called Strike 0-1: Called Strike 0-2: Strikes out swinging
|
|
Batting: LHB Chris Raymond
|
0-0: Called Strike 0-1: SOLO HOME RUN (Flyball, 9D, EV 96.2 MPH), Distance : 368 ft
|
|
Batting: RHB John Parra
|
0-0: Ball 1-0: Foul Ball, location: 2F 1-1: Ball 2-1: Ball 3-1: Base on Balls
|
|
Batting: RHB Dave Cluster
|
0-0: Ball 1-0: Ball 2-0: Called Strike 2-1: Foul Ball, location: 2F 2-2: Foul Ball, location: 2F 2-2: Strikes out swinging
|
|
Batting: LHB Tim Olsen
|
0-0: Ball John Parra steals 2nd base 1-0: SINGLE (Line Drive, 4D, EV 96.9 MPH) John Parra to third Runner from 3rd tries for Home, SAFE, throw by CF to home
|
|
Batting: RHB David Fernandez
|
0-0: Ball 1-0: Called Strike 1-1: Ball 2-1: Foul Ball, location: 2F 2-2: Ball Tim Olsen steals 2nd base 3-2: SINGLE (Line Drive, 89S, EV 108.1 MPH) Tim Olsen to third
|
|
Batting: SHB Josh Conner
|
0-0: Foul Ball, location: 2F 0-1: Ball 1-1: Foul Ball, location: 2F 1-2: Foul Ball, location: 2F 1-2: Fly out, F7 (Flyball, 7, EV 92.5 MPH)
|
| Bottom of the 7th over - 2 runs, 3 hits, 0 errors, 2 left on base; Colorado (EL) 4 - Springfield 4 |
| TOP OF THE 8TH |
|
Colorado (EL) Rockies batting - Pitching for Springfield Cardinals : RHP Chad Norris
|
|
Pitching: RHP Cory Falcon
|
|
|
Batting: LHB Eric Ludwig
|
0-0: Ball 1-0: Swinging Strike 1-1: Ball 2-1: Swinging Strike 2-2: Ball 3-2: Base on Balls
|
|
Batting: SHB Chris Besselman
|
0-0: Called Strike 0-1: Ball 1-1: DOUBLE (Line Drive, 9LM, EV 105.6 MPH) Eric Ludwig to third
|
|
Batting: RHB Matt Wheaton
|
0-0: Ball 1-0: Foul Ball, location: 2F 1-1: Called Strike 1-2: Ball 2-2: Ball 3-2: Strikes out swinging
|
|
Batting: RHB R.J. Anchondo
|
0-0: Swinging Strike 0-1: Ball 1-1: Called Strike 1-2: Strikes out swinging
|
|
Batting: RHB Max Schellekens
|
0-0: Called Strike 0-1: Ball 1-1: Ball 2-1: Ball 3-1: Fly out, F4 (Popup, 4S, EV 84.4 MPH)
|
| Top of the 8th over - 0 runs, 1 hit, 0 errors, 2 left on base; Colorado (EL) 4 - Springfield 4 |
| BOTTOM OF THE 8TH |
|
Springfield Cardinals batting - Pitching for Colorado (EL) Rockies : RHP Stephen Bailey
|
|
Pitching: LHP Bill Ogren
|
|
|
Batting: RHB Josh Lyon
|
0-0: Called Strike 0-1: Ball 1-1: Foul Ball, location: 2F 1-2: Foul Ball, location: 2F 1-2: SINGLE (Groundball, P, EV 90.0 MPH) (infield hit)
|
|
Batting: LHB Yeong-hun Joe
|
0-0: Ball 1-0: Bunt missed! 1-1: Sac Bunt to 3S - play at first, batter OUT! 3-1 Josh Lyon to second
|
|
Batting: RHB Klaas Meij
|
0-0: Foul Ball, location: 2F 0-1: Fly out, F3 (Popup, 3F, EV 66.9 MPH)
|
|
Batting: LHB Chris Raymond
|
0-0: Ball 1-0: Foul Ball, location: 2F 1-1: Foul Ball, location: 2F 1-2: Strikes out swinging
|
| Bottom of the 8th over - 0 runs, 1 hit, 0 errors, 1 left on base; Colorado (EL) 4 - Springfield 4 |
| TOP OF THE 9TH |
|
Colorado (EL) Rockies batting - Pitching for Springfield Cardinals : RHP Cory Falcon
|
|
Pitching: RHP Yasushi Osumi
|
|
|
Batting: RHB Guillermo Veronese
|
0-0: Foul Ball, location: 2F 0-1: Ball 1-1: SINGLE (Line Drive, 56D, EV 95.6 MPH)
|
|
Batting: RHB Matt Fabre
|
0-0: Ball 1-0: Ball 2-0: Swinging Strike 2-1: Foul Ball, location: 2F 2-2: Foul Ball, location: 2F 2-2: Strikes out swinging
|
|
Batting: LHB Tony Ponce
|
0-0: Ball 1-0: Called Strike Guillermo Veronese steals 2nd base 1-1: Intentional Walk
|
|
Batting: LHB Elijah Black
|
0-0: Called Strike Guillermo Veronese steals 3rd base Tony Ponce to second 0-1: Foul Ball, location: 2F 0-2: Strikes out swinging
|
|
Batting: LHB Eric Ludwig
|
0-0: Foul Ball, location: 2F 0-1: Ball 1-1: Foul Ball, location: 2F 1-2: Strikes out looking
|
| Top of the 9th over - 0 runs, 1 hit, 0 errors, 2 left on base; Colorado (EL) 4 - Springfield 4 |
| BOTTOM OF THE 9TH |
|
Springfield Cardinals batting - Pitching for Colorado (EL) Rockies : LHP Bill Ogren
|
|
Pitching: LHP Rich Byrd
|
|
|
Batting: RHB John Parra
|
0-0: Ball 1-0: Ball 2-0: Ball 3-0: Called Strike 3-1: Foul Ball, location: 2F 3-2: Foul Ball, location: 2F 3-2: Strikes out swinging
|
|
Batting: RHB Dave Cluster
|
0-0: Called Strike 0-1: Ball 1-1: Called Strike 1-2: Foul Ball, location: 2F 1-2: Strikes out swinging
|
|
Batting: LHB Tim Olsen
|
0-0: Ball 1-0: Foul Ball, location: 2F 1-1: Fly out, F9 (Flyball, 9S, EV 88.8 MPH)
|
| Bottom of the 9th over - 0 runs, 0 hits, 0 errors, 0 left on base; Colorado (EL) 4 - Springfield 4 |
| TOP OF THE 10TH |
|
Colorado (EL) Rockies batting - Pitching for Springfield Cardinals : RHP Yasushi Osumi
|
|
Batting: SHB Chris Besselman
|
0-0: Ball 1-0: Foul Ball, location: 2F 1-1: SINGLE (Groundball, 3D, EV 93.8 MPH)
|
|
Batting: RHB Matt Wheaton
|
0-0: Called Strike 0-1: Ball 1-1: Foul Ball, location: 2F 1-2: Ball 2-2: SINGLE (Line Drive, 89S, EV 96.2 MPH) Chris Besselman to second
|
|
Pitching: RHP Mike Foulger
|
|
|
Batting: RHB R.J. Anchondo
|
0-0: Ball 1-0: Foul Ball, location: 2F 1-1: Ball 2-1: Foul Ball, location: 2F 2-2: Foul Ball, location: 2F 2-2: Strikes out swinging
|
|
Batting: RHB Max Schellekens
|
0-0: Ball 1-0: Fielders Choice at 2nd, 4-6 (Groundball, 34, EV 91.2 MPH) Chris Besselman to third
|
|
Batting: RHB Guillermo Veronese
|
0-0: Called Strike 0-1: Swinging Strike 0-2: Strikes out looking
|
| Top of the 10th over - 0 runs, 2 hits, 0 errors, 2 left on base; Colorado (EL) 4 - Springfield 4 |
| BOTTOM OF THE 10TH |
|
Springfield Cardinals batting - Pitching for Colorado (EL) Rockies : LHP Rich Byrd
|
|
Pitching: RHP Terry Huffmaster
|
|
|
Batting: RHB David Fernandez
|
0-0: Ball 1-0: Ball 2-0: Ball 3-0: Base on Balls
|
|
Batting: SHB Josh Conner
|
0-0: Fielders Choice at 2nd, 4-6 (Groundball, 4S, EV 85.0 MPH)
|
|
Batting: RHB Josh Lyon
|
0-0: Grounds into double play, 4-6-3 (Groundball, 34, EV 89.4 MPH)
|
| Bottom of the 10th over - 0 runs, 0 hits, 0 errors, 0 left on base; Colorado (EL) 4 - Springfield 4 |
| TOP OF THE 11TH |
|
Colorado (EL) Rockies batting - Pitching for Springfield Cardinals : RHP Mike Foulger
|
|
Batting: RHB Matt Fabre
|
0-0: Called Strike 0-1: Swinging Strike 0-2: Ball 1-2: Ground out 3-1 (Groundball, 34S, EV 83.1 MPH)
|
|
Batting: LHB Tony Ponce
|
0-0: Ball 1-0: Called Strike 1-1: Foul Ball, location: 2F 1-2: Ball 2-2: SINGLE (Groundball, 56, EV 98.1 MPH)
|
|
Batting: LHB Elijah Black
|
0-0: Ball 1-0: Ball 2-0: Ball 3-0: Called Strike 3-1: Foul Ball, location: 2F 3-2: Strikes out swinging
|
|
Pitching: LHP Chris Hanson
|
|
|
Pinch Hitting: RHB Justin Pellman
|
0-0: Ball 1-0: Foul Ball, location: 2F 1-1: Ball 2-1: Foul Ball, location: 2F 2-2: Fly out, F9 (Line Drive, 9, EV 103.8 MPH)
|
| Top of the 11th over - 0 runs, 1 hit, 0 errors, 1 left on base; Colorado (EL) 4 - Springfield 4 |
| BOTTOM OF THE 11TH |
|
Springfield Cardinals batting - Pitching for Colorado (EL) Rockies : RHP Terry Huffmaster
|
|
Now in LF: Justin Pellman
|
|
|
Batting: LHB Yeong-hun Joe
|
0-0: Foul Ball, location: 2F 0-1: Swinging Strike 0-2: Ball 1-2: Fly out, F3 (Flyball, 3D, EV 80.6 MPH)
|
|
Batting: RHB Klaas Meij
|
0-0: Ground out 6-3 (Groundball, 6, EV 90.6 MPH)
|
|
Batting: LHB Chris Raymond
|
0-0: Called Strike 0-1: Ball 1-1: Foul Ball, location: 2F 1-2: Strikes out swinging
|
| Bottom of the 11th over - 0 runs, 0 hits, 0 errors, 0 left on base; Colorado (EL) 4 - Springfield 4 |
| TOP OF THE 12TH |
|
Colorado (EL) Rockies batting - Pitching for Springfield Cardinals : LHP Chris Hanson
|
|
Batting: SHB Chris Besselman
|
0-0: Called Strike 0-1: Ball 1-1: Called Strike 1-2: Foul Ball, location: 2F 1-2: Foul Ball, location: 2F 1-2: Foul Ball, location: 2F 1-2: Strikes out swinging
|
|
Batting: RHB Matt Wheaton
|
0-0: Called Strike 0-1: Ground out 6-3 (Groundball, 6, EV 105.0 MPH)
|
|
Batting: RHB R.J. Anchondo
|
0-0: Called Strike 0-1: Called Strike 0-2: Ball 1-2: Ball 2-2: Strikes out swinging
|
| Top of the 12th over - 0 runs, 0 hits, 0 errors, 0 left on base; Colorado (EL) 4 - Springfield 4 |
| BOTTOM OF THE 12TH |
|
Springfield Cardinals batting - Pitching for Colorado (EL) Rockies : RHP Terry Huffmaster
|
|
Batting: RHB John Parra
|
0-0: Foul Ball, location: 2F 0-1: Ball 1-1: Ball 2-1: Called Strike 2-2: Foul Ball, location: 2F 2-2: Ball 3-2: Foul Ball, location: 2F 3-2: Ground out 6-3 (Groundball, 6M, EV 80.0 MPH)
|
|
Batting: RHB Dave Cluster
|
0-0: Ball 1-0: Swinging Strike 1-1: Swinging Strike 1-2: Foul Ball, location: 2F 1-2: Ball 2-2: Ball 3-2: Strikes out swinging
|
|
Batting: LHB Tim Olsen
|
0-0: Called Strike 0-1: Ball 1-1: Foul Ball, location: 2F 1-2: Ball 2-2: Foul Ball, location: 2F 2-2: SINGLE (Line Drive, 9S, EV 91.2 MPH)
|
|
Batting: RHB David Fernandez
|
0-0: Ball 1-0: Foul Ball, location: 2F 1-1: Foul Ball, location: 2F 1-2: Strikes out looking
|
| Bottom of the 12th over - 0 runs, 1 hit, 0 errors, 1 left on base; Colorado (EL) 4 - Springfield 4 |
| TOP OF THE 13TH |
|
Colorado (EL) Rockies batting - Pitching for Springfield Cardinals : LHP Chris Hanson
|
|
Batting: RHB Max Schellekens
|
0-0: SINGLE (Line Drive, 9S, EV 88.8 MPH)
|
|
Batting: RHB Guillermo Veronese
|
0-0: Bunt missed! 0-1: Bunt missed! 0-2: Ball 1-2: Foul Ball, location: 2F 1-2: Ball 2-2: Ball 3-2: Base on Balls Max Schellekens to second
|
|
Batting: RHB Matt Fabre
|
0-0: Ball 1-0: Ball 2-0: Grounds into double play, 4-6-3 (Groundball, 4, EV 98.8 MPH) Max Schellekens to third
|
|
Batting: LHB Tony Ponce
|
0-0: Intentional Walk
|
|
Batting: LHB Elijah Black
|
Pickoff Throw to First - Error! E1 Max Schellekens scores Tony Ponce to second 0-0: Ball 1-0: Foul Ball, location: 2F 1-1: Swinging Strike 1-2: Strikes out swinging
|
| Top of the 13th over - 1 run, 1 hit, 1 error, 1 left on base; Colorado (EL) 5 - Springfield 4 |
| BOTTOM OF THE 13TH |
|
Springfield Cardinals batting - Pitching for Colorado (EL) Rockies : RHP Terry Huffmaster
|
|
Pitching: RHP Matt Casey
|
|
|
Batting: SHB Josh Conner
|
0-0: Foul Ball, location: 2F 0-1: SINGLE (Groundball, 4M, EV 103.8 MPH)
|
|
Batting: RHB Josh Lyon
|
0-0: Grounds into double play, 6-4-3 (Groundball, 6, EV 91.2 MPH)
|
|
Batting: LHB Yeong-hun Joe
|
0-0: Ball 1-0: Fly out, F7 (Flyball, 7D, EV 102.5 MPH)
|
| Bottom of the 13th over - 0 runs, 1 hit, 0 errors, 0 left on base; Colorado (EL) 5 - Springfield 4 |
|